Map: New Repugnancy LE

Players

JEROS

  • Race: Terran Terran
  • Spawn Location: 7:00

BratOK (Brat_OK) - Winner!

  • Race: Terran Terran
  • Spawn Location: 1:00

Event: 2019 WCS Spring

VOD

Have the link to the VOD?

Description

Time

  • Played on: May 17, 2019, 4:48 p.m.
  • Length: 6:18

All games in this series

Show
View Real Time Build Order
Export as new Build Order

JEROS Terran 

Build Orders: Liberator Opening 

Get SALT Encoding   

  12  0:00  SCV  
  13  0:13  SCV  
  14  0:17  Supply Depot  
  14  0:25  SCV  
  15  0:28  Refinery  
  15  0:39  SCV  
  16  0:45  Barracks  
  16  0:51  SCV  
  16  0:56  Refinery  
  17  1:03  SCV  
  18  1:15  SCV  
  19  1:33  Reaper, Orbital Command  
  19  1:37  Factory  
  20  1:51  Supply Depot  
  20  1:59  SCV  
  21  2:05  Reaper  
  22  2:11  SCV  
  23  2:23  SCV, Hellion  
  26  2:30  Command Center  
  26  2:36  SCV  
  27  2:39  Barracks Reactor  
  27  2:45  Hellion  
  27  2:46  Supply Depot  
  27  2:49  SCV  
  30  2:57  Starport  
  30  3:02  SCV  
  31  3:06  Factory Tech Lab  
  31  3:14  SCV  
  31  3:17  Marine  
  31  3:18  Marine  
  34  3:21  Refinery  
  34  3:28  Siege Tank  
  37  3:35  Medivac  
  39  3:41  Marine x2  
  39  3:42  SCV, Orbital Command  
  39  3:47  Liberator  
  42  3:54  SCV  
  43  4:00  Cyclone, Marine x2  
  51  4:12  SCV  
  51  4:13  Supply Depot  
  51  4:15  SCV  
  53  4:21  Marine  
  54  4:29  Marine  
  54  4:33  SCV  
  54  4:34  SCV  
  53  4:38  Marine  
  53  4:39  Siege Tank  
  53  4:45  SCV  
  58  4:46  SCV, Marine  
  58  4:51  Starport Tech Lab  
  58  4:54  Supply Depot  
  58  4:57  SCV  
  58  4:58  SCV  
  57  5:03  Marine  
  57  5:04  Marine  
  56  5:07  Supply Depot  
  56  5:09  SCV  
  56  5:11  Siege Tank  
  60  5:17  Raven, Supply Depot  
  58  5:23  SCV x2  
  58  5:36  Marine x2  
  58  5:39  SCV x2  
  60  5:51  SCV x2  
  60  5:54  Marine x2  
Show
View Real Time Build Order
Export as new Build Order

BratOK Terran - Winner!

Build Orders: Liberator Opening 

Get SALT Encoding   

  12  0:00  SCV  
  13  0:12  SCV  
  14  0:17  Supply Depot  
  14  0:25  SCV  
  14  0:28  Refinery  
  15  0:39  SCV  
  16  0:44  Barracks  
  16  0:51  SCV  
  16  0:54  Refinery  
  17  1:03  SCV  
  18  1:15  SCV  
  19  1:32  Orbital Command, Factory  
  19  1:36  Reaper  
  20  1:46  Supply Depot  
  20  1:57  SCV  
  21  2:08  Reaper  
  21  2:09  SCV  
  23  2:16  Hellion  
  26  2:22  SCV  
  26  2:31  Command Center  
  26  2:36  SCV  
  27  2:38  Widow Mine  
  27  2:42  Barracks Reactor  
  29  2:47  Starport  
  29  2:54  Supply Depot  
  29  2:56  SCV  
  30  2:59  Factory Tech Lab  
  30  3:12  SCV  
  31  3:19  Siege Tank  
  34  3:24  SCV  
  34  3:25  Liberator, Marine x2  
  37  3:30  Refinery  
  37  3:38  SCV  
  38  3:45  Orbital Command  
  38  3:47  Marine  
  42  3:50  Marine  
  42  3:52  SCV  
  44  3:59  Siege Tank  
  47  4:04  SCV  
  47  4:08  Marine x2  
  50  4:12  Supply Depot  
  50  4:13  SCV  
  51  4:22  SCV  
  52  4:25  Medivac  
  54  4:34  SCV, Cyclone, Marine x2  
  54  4:37  SCV  
  58  4:52  Marine  
  59  4:56  SCV  
  60  5:02  SCV  
  60  5:05  Viking, Marine  
  62  5:12  Supply Depot  
  62  5:15  SCV, Siege Tank, Marine  
  62  5:17  SCV  
  68  5:27  SCV  
  68  5:28  Marine  
  70  5:34  SCV  
  71  5:39  SCV  
  69  5:45  Viking  
  66  5:52  SCV x2  
  62  6:04  SCV  
Tags
 
Add a new tag
Caveats
  • Supply blocks, unpowered buildings, or Contaminate may cause inaccurate times.
  • Supply counts are checked every 10 seconds.